 Dungeon Crawl Stone Soup version 0.31-a0-472-g43a2ca8e1b (webtiles) character file.

Game seed: 1205883382329049120

200 Ethylacetat the Changeling (level 5, 0/35 HPs)
             Began as an Octopode Shapeshifter on Aug 6, 2023.
             Slain by Duvessa
             ... wielding a +0 short sword
              (17 damage)
             ... on level 5 of the Dungeon.
             The game lasted 00:02:35 (2974 turns).

Ethylacetat the Changeling (Octopode Shapeshifter)  Turns: 2974, Time: 00:02:36

Health: 0/35       AC:  1    Str: 15    XL:     5   Next: 78%
Magic:  5/5        EV: 13    Int: 16    God:
Gold:   185        SH:  0    Dex: 14    Spells: 4/4 levels left

rFire   . .          .
                       - Unarmed
rCold   . . .        (no shield)
rNeg    + . .        (helmet currently unavailable)
rPois   .            (no amulet)
rElec   .            m - ring of positive energy
rCorr   .            a - +6 ring of intelligence
SInv    .            (no ring)
Will    .....        (no ring)
Stlth   ++           (no ring)
HPRegen 0.25/turn    (no ring)
MPRegen 0.09/turn    (no ring)
                     (no ring)

%: no passive effects
@: beast-form, studying Ranged Weapons
A: beast (slay +3), almost no armour, amphibious, 8 rings, camouflage 1,
gelatinous body 1, (nimble swimmer 1), tentacles
a: Begin Untransformation


You were on level 5 of the Dungeon.
You were a hulking beast.
You visited 2 branches of the dungeon, and saw 6 of its levels.

You collected 185 gold pieces.

Inventory:

Jewellery
 a - a +6 ring of intelligence (right tentacle)
 m - a ring of positive energy (left tentacle)
Talismans
 b - a beast talisman (active)
Scrolls
 c - 3 scrolls of amnesia {unknown}
 d - 9 scrolls of identify {unknown}
 e - 3 scrolls of teleportation {unknown}
 f - a scroll of fog {unknown}
 h - a scroll of noise {unknown}
 j - 2 scrolls of immolation {unknown}
 k - a scroll of brand weapon {unknown}
 l - a scroll of blinking {unknown}
 n - a scroll of summoning {unknown}
 p - a scroll of enchant armour {unknown}
Potions
 g - a potion of berserk rage {unknown}
 i - a potion of brilliance
 o - 2 potions of resistance {unknown}
 q - a potion of mutation {unknown}
 r - a potion of attraction {unknown}


   Skills:
 + Level 2.7 Fighting
 - Level 2.0 Dodging
 + Level 4.0 Unarmed Combat
 * Level 4.4 Shapeshifting


You had 4 spell levels left.
You didn't know any spells.
Your spell library contained the following spells:

 Spells                   Type           Power      Damage    Failure   Level
 Scorch                   Fire           0%         2d5       36%         2
 Flame Wave               Conj/Fire      0%         2d4       94%         4
 Summon Cactus Giant      Summ           0%         N/A       100%        6


Dungeon Overview and Level Annotations

Branches:
Dungeon (5/15)             Temple (1/1) D:4

Altars:
Dithmenos
Elyvilon
Fedhas
Hepliaklqana
Kikubaaqudgha
Makhleb
Okawaru
Qazlal
Ru
Sif Muna
Trog
Uskayaw
Vehumet
Wu Jian
Xom
Yredelemnul
Zin
The Shining One

Annotations:
D:5 Duvessa


Innate Abilities, Weirdness & Mutations

You are a hulking beast.
Your limbs bulge with bestial killing power. (Slay +3)
You cannot wear most types of armour.
You are amphibious.
You can wear up to eight rings at the same time.
Your skin changes colour to match your surroundings (Stealth+).
Your rubbery body absorbs attacks. (AC +1, EV +1)
((You are camouflaged when in or above water. (Stealth+)))
You have tentacles for arms and can constrict up to eight enemies at once.


Message History

No target in view!
No target in view!
Done exploring.
There is an open door here.
There is an open door here.
There is an escape hatch in the floor here.
You slide downwards.
The hatch slams shut behind you.
Found a scroll labelled KAENOCRO NIATU.
d - 9 scrolls labelled KAENOCRO NIATU (gained 1) Dowan, Brother of Duvessa comes into view.
He is wielding a +0 dagger.
Dowan is nearby!
Duvessa, Sister of Dowan comes into view.
She is wielding a +0 short sword.
Dowan casts a spell.
Dowan blinks!
Found 18 gold pieces.
Duvessa shouts!
You tentacle-slap Dowan. Your grab misses Dowan.
Dowan is moderately wounded.
You closely miss Dowan. You grab Dowan. You squeeze Dowan!
Dowan is severely wounded.
You constrict Dowan, but do no damage.
Dowan points at you and mumbles some strange words.
You resist with some effort.
You constrict Dowan.
Dowan gestures at Duvessa while chanting.
Duvessa seems to speed up.
You constrict Dowan. Dowan hits you with a +0 dagger.
You constrict Dowan.
You kill Dowan!
Duvessa screams, "No!
How DARE you!"
Duvessa goes berserk!
Your Unarmed Combat skill increases to level 4!
You bludgeon Duvessa! You grab Duvessa.
Duvessa is lightly wounded.
You constrict Duvessa, but do no damage.
Duvessa hits you with a +0 short sword! Duvessa hits you with a +0 short sword.
You tentacle-slap Duvessa but do no damage.
Duvessa is lightly wounded.
You constrict Duvessa. Duvessa hits you with a +0 short sword!
You die...

########################
......eh................
.$..###################.
. #######. ........
.######. #. #. #. #.


You could see Duvessa (berserk, fast).

Vanquished Creatures
  Dowan (D:5)
  2 jellies (D:4)
  3 adders (D:2)
  3 worms
  A dart slug (D:3)
  3 orcs
  3 ball pythons
  A bat (D:2)
  4 endoplasms
  4 giant cockroaches
  7 goblins
  7 hobgoblins
  3 jackals (D:1)
  A quokka (D:2)
  5 frilled lizards
  3 kobolds
  2 rats (D:3)
53 creatures vanquished.

Notes
Turn   | Place    | Note
-------+----------+-------------------------------------------
     0 | D:1      | Ethylacetat the Octopode Shapeshifter began the quest for
                  | the Orb.
     0 | D:1      | Reached XP level 1. HP: 13/13 MP: 1/1
   281 | D:1      | Reached XP level 2. HP: 6/18 MP: 2/2
   602 | D:2      | Reached XP level 3. HP: 21/23 MP: 3/3
   743 | D:2      | Found a faded altar of an unknown god.
  1044 | D:2      | Reached XP level 4. HP: 29/29 MP: 4/4
  2009 | D:4      | Reached XP level 5. HP: 29/35 MP: 5/5
  2820 | D:4      | Found a staircase to the Ecumenical Temple.
  2829 | Temple   | Entered the Ecumenical Temple
  2920 | D:5      | Entered Level 5 of the Dungeon
  2963 | D:5      | Noticed Dowan
  2965 | D:5      | Noticed Duvessa
  2972 | D:5      | Killed Dowan
  2974 | D:5      | Slain by Duvessa

Illustrated notes

Levels and vault maps discovered:
D:1:      scummos_arrival_checkerplants, layout_rooms
D:2:      layout_rooms, ebering_ecumenical_altar_hall
D:3:      layout_rooms, st_stairs_11, grunt_ministairs_13, kennysheep_path_1,
          minmay_misc_feat_tiny, bh_walls_and_bars
D:4:      layout_basic, minmay_temple_entry_fiery, chequers_arboretum,
          minmay_manual_mess
D:5:      layout_loops_ring, uniq_sigmund, uniq_duvessa
Temple:   regret_index_temple_chain_breaker

Skill      XL: |  1  2  3  4  5 |
---------------+----------------+-----
Fighting       | 2 |  2.7
Shapeshifting  | 4 |  4.4
Unarmed Combat | 4 |  4.0
Dodging        | |  2.0

Action                     |  1- 3 |  4- 6 || total
---------------------------+-------+-------++-------
  Melee: Unarmed           |    49 |    54 ||   103
         Constrict         |    14 |    13 ||    27
         Tentacles         |    10 |    10 ||    20
         Punch             |     2 |     2 ||     4
    Use: Potion            |     3 |       ||     3
   Stab: Sleeping          |     4 |     4 ||     8
 Armour: Skin              |     7 |     1 ||     8
  Dodge: Dodged            |    30 |    23 ||    53

Table legend: (Time is in decaauts)
 A = Elapsed time spent in this place.
 B = Non-inter-level travel time spent in this place.
 C = Inter-level travel time spent in this place.
 D = Time resting spent in this place.
 E = Time spent auto-exploring this place.
 F = Levels seen in this place.
 G = Mean time per level.
                   A        B        C        D        E       F      G
               +--------+--------+--------+--------+--------+-----+--------+
         Total |   2946 |   2822 |    124 |     35 |   2425 |   6 |  491.0 |
       Dungeon |   2944 |   2820 |    124 |     35 |   2425 |   5 |  588.8 |
        Temple |      1 |      1 |      0 |      0 |      0 |   1 |    1.0 |
               +--------+--------+--------+--------+--------+-----+--------+

Top non-repeatable levels by time:
     D:4: 1225 daAuts
     D:3: 640 daAuts
     D:1: 526 daAuts
     D:2: 499 daAuts
     D:5: 53 daAuts
  Temple: 1 daAuts
